NCAA
INDIANA HOOSIERS @ GEORGETOWN HOYAS
04/17/2024
 
TOP OF THE 1ST
Indiana Hoosiers batting - Pitching for Georgetown Hoyas : RHP John Jones
Pitching: RHP John Jones
Batting: LHB Arturo Álvarez 0-0: Ball
1-0: Swinging Strike
1-1: Foul Ball, location: 2F
1-2: Foul Ball, location: 2F
1-2: SINGLE (Line Drive, 8LS)
Batting: RHB Tom McCoy 0-0: Swinging Strike
0-1: Called Strike
0-2: Ball
1-2: Strikes out swinging
Batting: LHB Randy Ortíz 0-0: Ball
1-0: Ball
2-0: Ball
3-0: Called Strike
3-1: Foul Ball, location: 2F
3-2: Foul Ball, location: 2F
3-2: Foul Ball, location: 2F
3-2: Foul Ball, location: 2F
3-2: Base on Balls
Arturo Álvarez to second
Batting: RHB Gus Bryant Error on foul ball, E7
0-1: SINGLE (Line Drive, 89S)
Arturo Álvarez to third
Randy Ortíz to second
Batting: RHB Elwood López 0-0: Ball
1-0: Foul Ball, location: 2F
1-1: Ball
2-1: Swinging Strike
2-2: Foul Ball, location: 2F
2-2: Foul Ball, location: 2F
2-2: Strikes out looking
Batting: RHB Jaime Morán 0-0: SINGLE (Line Drive, 6MD)
Arturo Álvarez scores
Randy Ortíz to third
Gus Bryant to second
Batting: RHB Wayne Carter 0-0: Ball
1-0: Called Strike
1-1: Called Strike
1-2: Fly out, F2 (Popup, 2RF)
Top of the 1st over - 1 run(s), 3 hit(s), 1 error(s), 3 left on base; Indiana 1 - Georgetown 0
BOTTOM OF THE 1ST
Georgetown Hoyas batting - Pitching for Indiana Hoosiers : RHP Matt Stevenson
Pitching: RHP Matt Stevenson
Batting: RHB Luis Flores 0-0: Called Strike
0-1: Called Strike
0-2: Fly out, F8 (Flyball, 8RM)
Batting: LHB José De La Cruz 0-0: Ball
1-0: Called Strike
1-1: Ground out 6-3 (Groundball, 6)
Batting: LHB Alan McGilroy 0-0: Ball
1-0: Ball
2-0: Swinging Strike
2-1: Ball
3-1: Foul Ball, location: 2F
3-2: Base on Balls
Batting: LHB Ken Bullard 0-0: Fly out, F5 (Popup, 5DF)
Bottom of the 1st over - 0 run(s), 0 hit(s), 0 error(s), 1 left on base; Indiana 1 - Georgetown 0
TOP OF THE 2ND
Indiana Hoosiers batting - Pitching for Georgetown Hoyas : RHP John Jones
Batting: LHB Dave Joyner 0-0: Foul Ball, location: 2F
0-1: Ball
1-1: Foul Ball, location: 2F
1-2: Foul Ball, location: 2F
1-2: Ground out 6-3 (Groundball, 6)
Batting: RHB Armando Bernard 0-0: Called Strike
0-1: Ground out 6-3 (Groundball, 6)
Batting: LHB Arturo Álvarez 0-0: Foul Ball, location: 2F
0-1: Called Strike
0-2: Foul Ball, location: 2F
0-2: Strikes out swinging
Top of the 2nd over - 0 run(s), 0 hit(s), 0 error(s), 0 left on base; Indiana 1 - Georgetown 0
BOTTOM OF THE 2ND
Georgetown Hoyas batting - Pitching for Indiana Hoosiers : RHP Matt Stevenson
Batting: SHB Jeffrey MacNeill 0-0: Ball
1-0: Ball
2-0: Ball
3-0: Base on Balls
Batting: SHB Edward Weber 0-0: Ball
1-0: Ball
2-0: Ball
3-0: Called Strike
3-1: Base on Balls
Jeffrey MacNeill to second
Batting: LHB Tim Rose 0-0: Ball
1-0: Foul Ball, location: 2F
1-1: Grounds into double play, 4-6-3 (Groundball, 4)
Jeffrey MacNeill to third
Batting: RHB Bob Lee 0-0: Called Strike
0-1: Swinging Strike
0-2: Strikes out swinging
Bottom of the 2nd over - 0 run(s), 0 hit(s), 0 error(s), 1 left on base; Indiana 1 - Georgetown 0
TOP OF THE 3RD
Indiana Hoosiers batting - Pitching for Georgetown Hoyas : RHP John Jones
Batting: RHB Tom McCoy 0-0: SINGLE (Line Drive, 89S)
Batting: LHB Randy Ortíz 0-0: Ball
1-0: Called Strike
1-1: Ball
2-1: Foul Ball, location: 2F
2-2: Strikes out swinging
Batting: RHB Gus Bryant 0-0: Fly out, F2 (Popup, 25F)
Batting: RHB Elwood López 0-0: Ball
1-0: Ball
2-0: Called Strike
2-1: Ball
3-1: Base on Balls
Tom McCoy to second
Batting: RHB Jaime Morán 0-0: Called Strike
0-1: Swinging Strike
0-2: Foul Ball, location: 2F
0-2: Ball
1-2: Foul Ball, location: 2F
1-2: Strikes out looking
Top of the 3rd over - 0 run(s), 1 hit(s), 0 error(s), 2 left on base; Indiana 1 - Georgetown 0
BOTTOM OF THE 3RD
Georgetown Hoyas batting - Pitching for Indiana Hoosiers : RHP Matt Stevenson
Batting: LHB Chris Smith 0-0: Foul Ball, location: 2F
0-1: Called Strike
0-2: Foul Ball, location: 2F
0-2: Ball
1-2: SINGLE (Groundball, 5D)
Batting: RHB Luis Flores 0-0: Ball
1-0: Ball
2-0: Foul Ball, location: 2F
2-1: Reached on error, E3 (Groundball, 3L)
Chris Smith to second
Batting: LHB José De La Cruz 0-0: Fly out, F9 (Flyball, 9M)
Batting: LHB Alan McGilroy 0-0: Ball
1-0: 3-RUN HOME RUN (Flyball, 9D), Distance : 348 ft
Batting: LHB Ken Bullard 0-0: Ball
1-0: Called Strike
1-1: Foul Ball, location: 2F
1-2: Strikes out swinging
Batting: SHB Jeffrey MacNeill 0-0: Called Strike
0-1: Swinging Strike
0-2: Ball
1-2: Strikes out swinging
Bottom of the 3rd over - 3 run(s), 2 hit(s), 1 error(s), 0 left on base; Indiana 1 - Georgetown 3
TOP OF THE 4TH
Indiana Hoosiers batting - Pitching for Georgetown Hoyas : RHP John Jones
Batting: RHB Wayne Carter 0-0: Called Strike
0-1: Called Strike
0-2: Strikes out swinging
Batting: LHB Dave Joyner 0-0: Called Strike
0-1: Ball
1-1: Ball
2-1: Called Strike
2-2: Strikes out swinging
Batting: RHB Armando Bernard 0-0: Ball
1-0: Called Strike
1-1: Called Strike
1-2: Ball
2-2: Ball
3-2: Foul Ball, location: 2F
3-2: Strikes out swinging
Top of the 4th over - 0 run(s), 0 hit(s), 0 error(s), 0 left on base; Indiana 1 - Georgetown 3
BOTTOM OF THE 4TH
Georgetown Hoyas batting - Pitching for Indiana Hoosiers : RHP Matt Stevenson
Batting: SHB Edward Weber 0-0: Called Strike
0-1: SINGLE (Line Drive, 34D)
Batting: LHB Tim Rose 0-0: Called Strike
0-1: Swinging Strike
0-2: Foul Ball, location: 2F
0-2: Ball
1-2: Ball
2-2: Fielders Choice at 2nd, 1-6 (Groundball, 25)
Batting: RHB Bob Lee 0-0: Ball
1-0: Ball
2-0: Foul Ball, location: 2F
2-1: Ball
3-1: Ground out U3 (Groundball, 3S)
Tim Rose to second
Batting: LHB Chris Smith 0-0: Ball
1-0: Called Strike
1-1: Ball
2-1: Fly out, F7 (Flyball, 7M)
Bottom of the 4th over - 0 run(s), 1 hit(s), 0 error(s), 1 left on base; Indiana 1 - Georgetown 3
TOP OF THE 5TH
Indiana Hoosiers batting - Pitching for Georgetown Hoyas : RHP John Jones
Batting: LHB Arturo Álvarez 0-0: Ball
1-0: Ball
2-0: Ball
3-0: Base on Balls
Pitching: LHP Jeffrey Glass
Batting: RHB Tom McCoy 0-0: Foul Ball, location: 2F
0-1: Ball
1-1: Ball
2-1: Foul Ball, location: 2F
2-2: Strikes out swinging
Batting: LHB Randy Ortíz 0-0: Ball
1-0: Called Strike
1-1: Foul Ball, location: 2F
1-2: Ball
2-2: SINGLE (Groundball, 13S) (infield hit)
Arturo Álvarez to second
Batting: RHB Gus Bryant 0-0: Called Strike
0-1: Swinging Strike
0-2: Ball
1-2: Strikes out looking
Batting: RHB Elwood López 0-0: Ball
1-0: Ball
2-0: Called Strike
2-1: Ball
3-1: Foul Ball, location: 2F
3-2: Base on Balls
Arturo Álvarez to third
Randy Ortíz to second
Batting: RHB Jaime Morán 0-0: Fly out, F9 (Flyball, 9LM)
Top of the 5th over - 0 run(s), 1 hit(s), 0 error(s), 3 left on base; Indiana 1 - Georgetown 3
BOTTOM OF THE 5TH
Georgetown Hoyas batting - Pitching for Indiana Hoosiers : RHP Matt Stevenson
Batting: RHB Luis Flores 0-0: SINGLE (Line Drive, 34)
Batting: LHB José De La Cruz 0-0: Ball
1-0: 2-RUN HOME RUN (Flyball, 9D), Distance : 345 ft
Batting: LHB Alan McGilroy 0-0: Called Strike
0-1: Ball
1-1: Ball
2-1: SOLO HOME RUN (Flyball, 9LD), Distance : 338 ft
Batting: LHB Ken Bullard 0-0: Called Strike
0-1: Foul Ball, location: 2F
0-2: Foul Ball, location: 2F
0-2: Ball
1-2: Fly out, F5 (Popup, 5)
Batting: SHB Jeffrey MacNeill 0-0: Called Strike
0-1: Ball
1-1: Ball
2-1: Ball
3-1: SINGLE (Groundball, 4MD)
Pitching: RHP Chad Bolinger
Batting: SHB Edward Weber 0-0: Called Strike
Jeffrey MacNeill steals 2nd base
0-1: Foul Ball, location: 2F
0-2: Foul Ball, location: 2F
0-2: SINGLE (Flyball, 7S)
Jeffrey MacNeill to third
Batting: LHB Tim Rose 0-0: Ball
1-0: Ball
2-0: Ball
3-0: Called Strike
3-1: Called Strike
3-2: Foul Ball, location: 2F
3-2: Base on Balls
Edward Weber to second
Batting: RHB Bob Lee 0-0: Called Strike
0-1: Called Strike
0-2: Grounds into double play, 5-4-3 (Groundball, 5)
Bottom of the 5th over - 3 run(s), 5 hit(s), 0 error(s), 2 left on base; Indiana 1 - Georgetown 6
TOP OF THE 6TH
Indiana Hoosiers batting - Pitching for Georgetown Hoyas : LHP Jeffrey Glass
Batting: RHB Wayne Carter 0-0: Called Strike
0-1: Ground out 1-3 (Groundball, 15S)
Batting: LHB Dave Joyner 0-0: Called Strike
0-1: Called Strike
0-2: Strikes out looking
Batting: RHB Armando Bernard 0-0: Ball
1-0: Foul Ball, location: 2F
1-1: Ball
2-1: Swinging Strike
2-2: Ball
3-2: Strikes out swinging
Top of the 6th over - 0 run(s), 0 hit(s), 0 error(s), 0 left on base; Indiana 1 - Georgetown 6
BOTTOM OF THE 6TH
Georgetown Hoyas batting - Pitching for Indiana Hoosiers : RHP Chad Bolinger
Batting: LHB Chris Smith 0-0: Foul Ball, location: 2F
0-1: SINGLE (Groundball, 3D)
Batting: RHB Luis Flores 0-0: Called Strike
0-1: Foul Ball, location: 2F
0-2: Grounds into double play, 5-4-3 (Groundball, 5)
Batting: LHB José De La Cruz 0-0: Ball
1-0: Called Strike
1-1: Ball
2-1: Ball
3-1: Ground out 6-3 (Groundball, 6MS)
Bottom of the 6th over - 0 run(s), 1 hit(s), 0 error(s), 0 left on base; Indiana 1 - Georgetown 6
TOP OF THE 7TH
Indiana Hoosiers batting - Pitching for Georgetown Hoyas : LHP Jeffrey Glass
Batting: LHB Arturo Álvarez 0-0: Ball
1-0: Foul Ball, location: 2F
1-1: Called Strike
1-2: Ball
2-2: Ground out 4-3 (Groundball, 34)
Pitching: LHP Joseph Elliott
Batting: RHB Tom McCoy 0-0: SINGLE (Flyball, 89S)
Batting: LHB Randy Ortíz 0-0: Fly out, F8 (Flyball, 8RM)
Batting: RHB Gus Bryant 0-0: Ball
1-0: Ball
2-0: Called Strike
2-1: Called Strike
2-2: Strikes out swinging
Top of the 7th over - 0 run(s), 1 hit(s), 0 error(s), 1 left on base; Indiana 1 - Georgetown 6
BOTTOM OF THE 7TH
Georgetown Hoyas batting - Pitching for Indiana Hoosiers : RHP Chad Bolinger
Batting: LHB Alan McGilroy 0-0: Ball
1-0: Called Strike
1-1: Swinging Strike
1-2: Ball
2-2: Ball
3-2: Base on Balls
This league is powered by Out of the Park Baseball, the baseball management simulation game for PC, Mac and Linux
Saturday, April 9th, 2016 - OOTP Baseball 16.8 Build 38